Map: Equilibrium LE

Players

zellblЧ

  • Race: Terran Terran
  • League: Silver
  • Spawn Location: 1:00

dolb - Winner!

  • Race: Zerg Zerg
  • Spawn Location: 11:00

VOD

Have the link to the VOD?

Description

3 Ravagers rush

Time

  • Played on: March 3, 2024, 10:31 a.m.
  • Length: 4:50
Show
View Real Time Build Order
Export as new Build Order

zellblЧ Terran 

Build Orders: 1/1/1 

Get SALT Encoding   

  12  0:00  SCV  
  13  0:12  SCV  
  14  0:19  Supply Depot  
  14  0:25  SCV  
  14  0:28  Refinery  
  15  0:41  SCV  
  16  0:45  Barracks  
  16  0:53  SCV  
  16  0:56  Refinery  
  17  1:05  SCV  
  17  1:09  Supply Depot  
  18  1:17  SCV  
  19  1:29  SCV  
  20  1:38  Factory  
  20  1:47  SCV  
  20  1:53  Barracks Reactor  
  21  1:59  SCV  
  22  2:20  SCV  
  22  2:22  Factory Tech Lab  
  23  2:26  Starport  
  23  2:29  Marine x2  
  25  2:38  SCV  
  26  2:48  Siege Tank  
  29  2:53  Marine  
  29  2:54  Marine  
  31  3:00  Supply Depot  
  31  3:01  Supply Depot  
  31  3:05  Orbital Command  
  31  3:29  Siege Tank  
  31  3:30  Starport Reactor  
  34  3:37  Engineering Bay  
  31  3:48  Marine x2  
Show
View Real Time Build Order
Export as new Build Order

dolb Zerg - Winner!

Build Orders: Pool Only, Ravager All-In 

Get SALT Encoding   

  12  0:18  Spawning Pool  
  11  0:22  Drone  
  11  0:27  Drone  
  13  0:31  Drone  
  13  0:34  Extractor  
  13  0:36  Extractor  
  13  0:41  Drone  
  13  0:46  Drone  
  14  0:59  Overlord  
  14  1:18  Drone  
  15  1:30  Roach Warren  
  14  1:34  Zergling x2  
  15  1:48  Overlord  
  15  2:16  Roach  
  15  2:17  Roach x2  
  21  3:01  Roach x3  
  21  3:04  Ravager x2  
  21  3:05  Ravager  
  23  4:20  Ravager  
  23  4:21  Ravager x2  
Tags
 
League
Silver
Matchup
ЗvТ
Spawn Locations
Close Positions
Add a new tag
Caveats
  • Supply blocks, unpowered buildings, or Contaminate may cause inaccurate times.
  • Supply counts are checked every 10 seconds.